 Dungeon Crawl Stone Soup version 0.28-a0-1510-gd0f6b136d3 (webtiles) character file.

Game seed: 11505011145897501882

0 psuckher the Skirmisher (level 1, -1/18 HPs)
             Began as a Demonspawn Abyssal Knight on Jan 14, 2022.
             Was an Initiate of Lugonu.
             Slain by a goblin (3 damage)
             ... on level 1 of the Dungeon.
             The game lasted 00:02:13 (137 turns).

psuckher the Skirmisher (Demonspawn Abyssal Knight)  Turns: 137, Time: 00:02:14

Health: -1/18      AC:  3    Str: 13    XL:     1   Next: 8%
Magic:  2/2        EV: 11    Int: 11    God:    Lugonu [......]
Gold:   31         SH:  0    Dex: 13    Spells: 0/0 levels left

rFire   . . .      SeeInvis .   a - +2 spear
rCold   . . .      Faith    .   (no shield)
rNeg    . . .      Spirit   .   b - +0 leather armour
rPois   .          Reflect  .   (no helmet)
rElec   .          Harm     .   (no cloak)
rCorr   .          Rampage  .   (no gloves)
Will    .....                   (no boots)
Stlth   +.........              (no amulet)
HPRegen 0.00/turn               (no ring)
MPRegen 0.08/turn               (no ring)

@: inhibited regen
A: screaming 1, inhibited regeneration
a: Renounce Religion


You were on level 1 of the Dungeon.
You worshipped Lugonu.
Lugonu was noncommittal.
You visited 1 branch of the dungeon, and saw 1 of its levels.
You visited the Abyss 1 time.

You collected 31 gold pieces.

Inventory:

Hand Weapons
 a - a +2 spear (weapon)
Armour
 b - a +0 leather armour (worn)


   Skills:
 + Level 3.0 Fighting
 + Level 1.7 Polearms
 + Level 1.7 Armour
 + Level 0.8 Dodging
 + Level 2.4 Invocations


You couldn't memorise any spells.
You didn't know any spells.
Your spell library was empty.

Dungeon Overview and Level Annotations

Branches:
Dungeon (1/15)

Altars:


Innate Abilities, Weirdness & Mutations

You occasionally shout uncontrollably at your foes.
You do not regenerate when monsters are visible.


Message History

You hit the neqoxec.
The neqoxec is moderately wounded.
The neqoxec hits you.
* * * LOW HITPOINT WARNING * * *
You pass through the gate.
You can no longer depart the Abyss at will.
Found 31 gold pieces.
There is a staircase leading out of the dungeon here.
You now have 17 gold pieces.
You now have 31 gold pieces (gained 14).
Okay, then.
Found an escape hatch in the floor.
There is an escape hatch in the floor here.
A rat comes into view.
You hit the rat.
You kill the rat!
Lugonu accepts your kill.
Found a scroll labelled ZOTIRR XEHU.
c - a scroll labelled ZOTIRR XEHU A hobgoblin comes into view.
Found a scroll labelled KILECYM AVEW VUCARR.
A goblin comes into view. It is wielding a +0 dagger.
What are your orders? t - Yell!
Orders for allies: a - Attack new target. r - Retreat! s - Stop attacking. g - Guard the area. f - Follow me.
Anything else - Cancel.
Okay, then.
As you read the scroll labelled ZOTIRR XEHU, it crumbles to dust.
It is a scroll of enchant weapon.
Your +1 spear glows red for a moment.
The goblin shouts!
A dart slug comes into view.
The goblin hits you with a +0 dagger.
* * * LOW HITPOINT WARNING * * *
You hit the goblin.
The goblin is severely wounded.
The goblin hits you with a +0 dagger.
You die...

...# ####..#
?.#..# #.#..####
#.#g..... #.......
#.####...####
#..wg@......#
########.##.#
#.##.# ### #.##.#
##.##
#.##.######...#
#.##...........
........######...#
.###.#.## ##.## #
#. #.#


You could see a dart slug, a hobgoblin and a goblin.

Vanquished Creatures
  A rat (D:1)
1 creature vanquished.

Notes
Turn   | Place    | Note
-------+----------+-------------------------------------------
     0 | Abyss:1  | psuckher the Demonspawn Abyssal Knight began the quest for
                  | the Orb.
     0 | Abyss:1  | Reached XP level 1. HP: 18/18 MP: 2/2
    65 | Abyss:1  | Found a sacrificial altar of Ru.
    72 | Abyss:1  | Noticed a neqoxec
    73 | Abyss:1  | Gained mutation: You occasionally shout uncontrollably at
                  | your foes. [a neqoxec]
    81 | Abyss:1  | Gained mutation: You do not regenerate when monsters are
                  | visible. [a neqoxec]
    86 | D:1      | Escaped the Abyss
   137 | D:1      | Slain by a goblin

Illustrated notes

Levels and vault maps discovered:
D:1:      lemuel_arrival_hallway, layout_loops_ring, minmay_heptomino_l4

Action                   || total
-------------------------++-------
Melee: Spear             ||     9
Invok: Depart the Abyss  ||     1
  Use: Scroll            ||     1
Dodge: Dodged            ||     3

Table legend: (Time is in decaauts)
 A = Elapsed time spent in this place.
 B = Non-inter-level travel time spent in this place.
 C = Inter-level travel time spent in this place.
 D = Time resting spent in this place.
 E = Time spent auto-exploring this place.
 F = Levels seen in this place.
 G = Mean time per level.
                   A        B        C        D        E       F      G
               +--------+--------+--------+--------+--------+-----+--------+
         Total |    136 |    136 |      0 |      0 |      0 |   2 |   68.0 |
       Dungeon |     50 |     50 |      0 |      0 |      0 |   1 |   50.0 |
         Abyss |     86 |     86 |      0 |      0 |      0 |   1 |   86.0 |
               +--------+--------+--------+--------+--------+-----+--------+

Top non-repeatable levels by time:
 Abyss:1: 86 daAuts
     D:1: 50 daAuts
